 Dungeon Crawl Stone Soup version 0.31-a0-232-gb1c03b2570 (webtiles) character file.

Game seed: 4811428012551627477

196 IdlyInterested the Trooper (level 5, 0/41 (42) HPs)
             Began as a Demonspawn Gladiator on July 7, 2023.
             Killed by divine providence
             ... invoked by an orc priest
              (13 damage)
             ... on level 3 of the Dungeon.
             The game lasted 00:05:12 (2598 turns).

IdlyInterested the Trooper (Demonspawn Gladiator)   Turns: 2598, Time: 00:05:13

HP:   0/41 (42)     AC: 10    Str: 14    XL:     5   Next: 45%
MP:   0/5           EV: 15    Int:  9    God:
Gold: 126           SH:  0    Dex: 17    Spells: 4/4 levels left

rFire   . . .        a - +0 long sword
rCold   . . .        (no shield)
rNeg    . . .        n - +0 scale mail
rPois   .            c - +0 helmet
rElec   .            (no cloak)
rCorr   .            v - +0 pair of gloves
SInv    .            (no boots)
Will    .....        k - amulet of guardian spirit Stlth
                     t - +5 ring of evasion
HPRegen 0.26/turn    (no ring)
MPRegen 0.09/turn

%: guardian spirit
@: lightly drained
A: slimy green scales 1, ignite blood 1
a: no special abilities


You were on level 3 of the Dungeon.
You visited 1 branch of the dungeon, and saw 3 of its levels.

You collected 126 gold pieces.

Inventory:

Hand Weapons
 a - a +0 long sword (weapon)
 e - a +1 dagger of speed
 o - a +2 short sword of venom
 r - a +4 whip
Missiles
 d - 3 throwing nets
 i - 14 stones (quivered)
 s - a javelin
 y - 3 poisoned darts
Armour
 c - a +0 helmet (worn)
 n - a +0 scale mail (worn)
 v - a +0 pair of gloves (worn)
Jewellery
 k - an amulet of guardian spirit (around neck)
 t - a +5 ring of evasion (left hand)
Wands
 x - a wand of light (11)
Scrolls
 b - a scroll of poison
 f - a scroll of enchant weapon {unknown}
 j - a scroll of fear {unknown}
 p - a scroll of silence
 u - a scroll of teleportation {unknown}
Potions
 g - a potion of cancellation
 h - a potion of lignification {unknown}
 l - a potion of curing
 m - a potion of might
 w - a potion of berserk rage


   Skills:
 * Level 3.9 Fighting
 + Level 3.4 Long Blades
 - Level 1.7 Throwing
 - Level 1.0 Armour
 * Level 3.5 Dodging
 - Level 1.0 Stealth
 - Level 1.0 Evocations


You had 4 spell levels left.
You didn't know any spells.
Your spell library contained the following spells:

 Spells                   Type           Power      Damage    Failure   Level
 Kiss of Death            Conj/Necr      0%         2d5       87%         1
 Confusing Touch          Hex            0%         N/A       99%         3
 Dispel Undead            Necr           0%         3d6       100%        4


Dungeon Overview and Level Annotations

Branches:
Dungeon (3/15)

Altars:


Innate Abilities, Weirdness & Mutations

You are partially covered in slimy green scales. (AC +2)
Your demonic aura sometimes causes spilled blood to erupt in flames.


Message History

The orc priest looks encouraged for a moment.
The orc wizard hits you with a +0 dagger.
Things that are here:
a +0 whip; a +0 leather armour You hit the orc wizard but do no damage.
The orc wizard hits you with a +0 dagger.
You barely miss the orc wizard. You hit the orc priest.
The orc priest is moderately wounded.
The orc wizard hits you but does no damage.
The orc priest completely misses you. The orc barely misses you.
The orc wizard barely misses you. The orc priest completely misses you.
The orc hits you but does no damage.
You feel drained.
You barely miss the orc priest.
The orc priest is moderately wounded.
The orc wizard hits you but does no damage.
The orc misses you. The orc priest closely misses you.
You barely miss the orc priest.
The orc priest is moderately wounded.
The orc wizard hits you but does no damage.
The orc closely misses you. The orc priest misses you.
You closely miss the orc priest.
The orc priest is moderately wounded.
The orc wizard casts a spell at you. The puff of flame hits you!
* * * LOW HITPOINT WARNING * * *
The orc completely misses you.
The orc priest looks satisfied for a moment.
You barely miss the orc priest.
The orc priest is moderately wounded.
The orc wizard barely misses you. The orc priest barely misses you.
The orc barely misses you. The orc wizard closely misses you.
The orc priest barely misses you. The orc completely misses you.
You hit the orc priest.
The orc priest is moderately wounded.
The orc wizard hits you but does no damage.
The orc closely misses you.
The orc priest invokes the aid of Beogh against you.
Beogh smites you!
You die...

.# .# .#. .# ## .....#
.##. #...#. #...
#..#..#... #..
#....#...# ....
#...#.o#o#.....
#..#..#@o........
#....#..................
#.))#..#................
#...)......[............
#.......................
#.......................
#.......†...............
#.......................
#.......................


You could see an orc priest, an orc wizard and an orc.

Vanquished Creatures
  An orc priest (D:3)
  8 gnolls (D:2)
  3 adders
  2 worms
  6 orcs
  3 endoplasms
  4 giant cockroaches
  4 goblins
  2 hobgoblins (D:2)
  2 jackals (D:2)
  2 quokkas
  2 ball pythons
  5 bats
  2 frilled lizards (D:1)
  5 kobolds
  6 rats
57 creatures vanquished.

Notes
Turn   | Place    | Note
-------+----------+-------------------------------------------
     0 | D:1      | IdlyInterested the Demonspawn Gladiator began the quest for
                  | the Orb.
     0 | D:1      | Reached XP level 1. HP: 16/16 MP: 1/1
   416 | D:1      | Gained mutation: Your demonic aura sometimes causes spilled
                  | blood to erupt in flames. [demonic ancestry]
   416 | D:1      | Reached XP level 2. HP: 23/23 MP: 2/2
   746 | D:1      | Reached skill level 1 in Armour
  1210 | D:2      | Gained mutation: You are partially covered in slimy green
                  | scales. (AC +2) [demonic ancestry]
  1210 | D:2      | Reached XP level 3. HP: 15/28 MP: 1/3
  1341 | D:2      | Reached skill level 1 in Stealth
  1573 | D:2      | Reached skill level 1 in Evocations
  1583 | D:2      | Reached XP level 4. HP: 22/35 MP: 4/4
  2340 | D:3      | Reached XP level 5. HP: 36/41 MP: 5/5
  2598 | D:3      | Killed from afar by an orc priest

Illustrated notes

Levels and vault maps discovered:
D:1:      dpeg_arrival_yet_another_circle, layout_loops_cross,
          hangedman_abyss_or_decor_stabs, minmay_worlds_worst_comb
D:2:      layout_basic, nicolae_hexahallways, skrybe_limestone_x
D:3:      layout_rooms, serial_shops, nicolae_shop_back_alley_shop,
          supply_closet_lemuel, minmay_misc_feat_diagonals

Skill      XL: |  1  2  3  4 |
---------------+-------------+-----
Armour         | 1 |  1.0
Long Blades    | 3 |  3.4
Stealth        | 1 |  1.0
Fighting       | 3 |  3.9
Evocations     | 1 |  1.0
Dodging        | 3 |  3.5
Throwing       | |  1.7

Action                     |  1- 3 |  4- 6 || total
---------------------------+-------+-------++-------
  Melee: Long sword        |   109 |   100 ||   209
         Punch             |     1 |     3 ||     4
  Throw: Stone             |     4 |       ||     4
         Javelin           |     1 |       ||     1
    Use: Potion            |     1 |     1 ||     2
         Scroll            |       |     4 ||     4
 Armour: Leather armour    |    27 |       ||    27
         Scale mail        |    13 |    39 ||    52
  Dodge: Dodged            |    62 |   101 ||   163

Table legend: (Time is in decaauts)
 A = Elapsed time spent in this place.
 B = Non-inter-level travel time spent in this place.
 C = Inter-level travel time spent in this place.
 D = Time resting spent in this place.
 E = Time spent auto-exploring this place.
 F = Levels seen in this place.
 G = Mean time per level.
                   A        B        C        D        E       F      G
               +--------+--------+--------+--------+--------+-----+--------+
         Total |   2650 |   2412 |    238 |    698 |   1137 |   3 |  883.3 |
       Dungeon |   2650 |   2412 |    238 |    698 |   1137 |   3 |  883.3 |
               +--------+--------+--------+--------+--------+-----+--------+

Top non-repeatable levels by time:
     D:2: 1364 daAuts
     D:1: 1116 daAuts
     D:3: 168 daAuts
